 Dungeon Crawl Stone Soup version 0.30-a0-49-g1cef19eb02 (webtiles) character file.

Game seed: 9337852421189284278

43207 HotDog666 the Basher (level 14, -15/90 HPs)
             Began as a Gargoyle Fighter on Sept 2, 2022.
             Was an Elder of the Shining One.
             Demolished by a lindwurm (18 damage)
             ... on level 4 of the Lair of Beasts.
             The game lasted 00:33:28 (19603 turns).

HotDog666 the Basher (Gargoyle Fighter)            Turns: 19603, Time: 00:33:29

Health: -15/90     AC:  0    Str: 21    XL:     14   Next: 23%
Magic:  5/20       EV: 14    Int: 14    God:    the Shining One [****..]
Gold:   1287       SH:  0    Dex: 10    Spells: 13/13 levels left

rFire   . . .      SeeInvis .    (weapon currently unavailable)
rCold   . . .      Faith    .    (shield currently unavailable)
rNeg    + + +      Spirit   .    (body armour currently unavailable)
rPois   ∞          Reflect  .    (helmet currently unavailable)
rElec   .          Harm     .    (cloak currently unavailable)
rCorr   .          Rampage  .    (gloves currently unavailable)
Will    ++...                    (boots currently unavailable)
Stlth   +.........               g - amulet of regeneration
HPRegen 1.05/turn                (ring currently unavailable)
MPRegen 0.17/turn                (ring currently unavailable)

@: pig-form, glowing, studying Earth Magic, very quick
A: fast, no casting, sickness immunity, AC +10, small, (big wings), negative
energy resistance 1, (electricity resistance), torment resistance 1,
petrification resistance, (horns 1), clever 1, strong-willed 1
a: Renounce Religion, Divine Shield, Cleansing Flame


You were on level 4 of the Lair of Beasts.
You worshipped the Shining One.
The Shining One was greatly pleased with you.
You were a filthy swine.
You visited 4 branches of the dungeon, and saw 20 of its levels.
You also visited: Ice Cave.

You collected 1287 gold pieces.

Inventory:

Hand Weapons
 c - a +4 mace of protection (melded)
 f - a +4 whip of flaming
 T - a -2 demon whip of venom
Missiles
 O - a throwing net (quivered)
Armour
 h - a +0 pair of gloves (melded)
 y - a +0 plate armour
 A - a +0 chain mail (melded)
 E - a +0 pair of boots (melded)
 G - a +0 cloak (melded)
 Y - a +1 tower shield of cold resistance (melded)
Jewellery
 d - a +4 ring of evasion (melded)
 g - an amulet of regeneration (around neck)
 l - a ring of fire
 m - a ring of protection from fire
 n - a ring of resist corrosion
 u - a ring of protection from fire
 w - a +6 ring of strength
 C - a +4 ring of slaying (melded)
 F - a ring of wizardry
 L - a +6 ring of dexterity
 P - a +6 ring of intelligence
 W - a ring of flight
 X - a ring of positive energy
 Z - a ring of magical power
Wands
 b - a wand of paralysis (15)
 j - a wand of digging (5)
 t - a wand of light (16)
 B - a wand of polymorph (10)
 J - a wand of roots (8)
Scrolls
 a - a scroll of summoning
 e - 2 scrolls of vulnerability
 k - a scroll of poison
 p - 6 scrolls of fear
 q - 3 scrolls of immolation
 r - 2 scrolls of enchant weapon
 s - 4 scrolls of teleportation
 D - 2 scrolls of magic mapping
 H - 2 scrolls of blinking
 I - 5 scrolls of enchant armour
 N - 3 scrolls of amnesia {unknown}
 R - 4 scrolls of butterflies
 U - 5 scrolls of identify
 V - 2 scrolls of noise {unknown}
Potions
 i - 5 potions of curing
 o - 4 potions of degeneration
 v - 2 potions of attraction
 x - 4 potions of berserk rage
 z - a potion of magic {unknown}
 K - a potion of invisibility {unknown}
 M - a potion of cancellation {unknown}
 Q - 2 potions of haste


   Skills:
 * Level 11.0 Fighting
 * Level 13.5 Maces & Flails
 * Level 12.9 Armour
 + Level 2.8 Dodging
 * Level 12.5 Shields
 * Level 9.2 Invocations


You had 13 spell levels left.
You didn't know any spells.
Your spell library contained the following spells:

 Spells                   Type           Power      Damage    Failure   Level
 Beastly Appendage        Tmut           0%         N/A       28%         1
 Foxfire                  Conj/Fire      0%         2x1d4     28%         1
 Slow                     Hex            0%         N/A       28%         1
 Summon Small Mammal      Summ           0%         N/A       28%         1
 Wereblood                Tmut           0%         N/A       41%         2
 Call Canine Familiar     Summ           0%         N/A       65%         3
 Confusing Touch          Hex            0%         N/A       65%         3
 Conjure Flame            Conj/Fire      0%         6-21      65%         3
 Dazzling Flash           Conj/Hex       0%         N/A       65%         3
 Gell's Gravitas          Tloc           0%         N/A       65%         3
 Inner Flame              Hex/Fire       0%         N/A       65%         3
 Ozocubu's Armour         Ice            0%         N/A       65%         3
 Spider Form              Tmut/Pois      0%         N/A       65%         3
 Summon Guardian Golem    Hex/Summ       0%         N/A       65%         3
 Teleport Other           Tloc           0%         N/A       65%         3
 Vampiric Draining        Necr           0%         2d6       65%         3
 Flame Wave               Conj/Fire      0%         2d4       96%         4
 Fulminant Prism          Conj/Hex       0%         3d6       96%         4
 Hailstorm                Conj/Ice       0%         3d3       96%         4
 Ice Form                 Ice/Tmut       0%         N/A       96%         4
 Iskenderun's Mystic Bla  Conj/Tloc      0%         2d3       96%         4
 Olgreb's Toxic Radiance  Pois           0%         N/A       96%         4
 Lee's Rapid Deconstruct  Erth           0%         3d5*      100%        5
 Dispersal                Tloc           0%         N/A       100%        6
 Simulacrum               Ice/Necr       0%         N/A       100%        6
 Starburst                Conj/Fire      0%         6d3       100%        6
 Ozocubu's Refrigeration  Ice            0%         4d7       100%        7
 Ignition                 Fire           0%         3d3       100%        8


Dungeon Overview and Level Annotations

Branches:
Dungeon (14/15)            Temple (1/1) D:7            Lair (4/5) D:8
  Swamp (0/4) Lair:3        Snake (0/4) Lair:3          Orc (1/2) D:9
 Vaults (0/5) D:14          IceCv (visited)
  Slime: Lair:4-5

Altars:
Ashenzari
Cheibriados
Dithmenos
Elyvilon
Fedhas
Gozag
Hepliaklqana
Kikubaaqudgha
Makhleb
Nemelex Xobeh
Okawaru
Qazlal
Ru
Sif Muna
Trog
Uskayaw
Vehumet
Wu Jian
Xom
Yredelemnul
Zin
The Shining One

Shops:
D:2 !   D:5 *   D:6 =*   D:11 *   D:12 *

Annotations:
D:11 3 runed translucent doors, gruffalo's ghost, journeyman HOFi
D:14 Nessos
Lair:1 3 runed translucent doors, Cung's ghost, novice GrBe
Lair:4 Kirke


Innate Abilities, Weirdness & Mutations

You are a filthy swine.
You move quickly.
Your equipment is almost entirely melded.
You are incapable of wielding weapons or throwing items.
You cannot cast spells.
You are immune to sickness and miasma.
((Your stone body is resilient. (AC +10)))
You are immune to poison.
((Your large and strong wings let you fly.))
You resist negative energy. (rN+)
((You are resistant to electric shocks. (rElec)))
You are resistant to unholy torment.
You are immune to petrification.
((You have a pair of small horns on your head.))
Your mind is acute. (Int +4, Str/Dex -1)
You are strong-willed. (Will+)


Message History

The lindwurm claws you but does no damage.
You block the lindwurm's attack. The yak barely misses you.
You block Kirke's attack. The lindwurm breathes flames at you.
The blast of flame hits you!!!
Activating: Cleansing Flame (12% risk of failure)
Press: ? - help, Dir - look around, f - activate The golden flame engulfs you but does no damage.
You resist.
The golden flame engulfs the lindwurm.
The lindwurm is almost dead.
The golden flame engulfs Kirke!
Kirke is severely wounded.
The golden flame engulfs the cane toad!!
You kill the cane toad!
The golden flame engulfs the yak!!
You kill the yak!
The golden flame engulfs the lindwurm.
The lindwurm is almost dead.
You hear a deafening roar! x2
Kirke points at you and mumbles some strange words.
You turn into a filthy swine.
Your +4 mace of protection melds into your body.
Your +0 cloak melds into your body.
Your +0 pair of gloves melds into your body.
Your +0 pair of boots melds into your body.
Your +1 tower shield of cold resistance melds into your body.
Your +0 chain mail melds into your body.
Your +4 ring of evasion melds into your body.
Your +4 ring of slaying melds into your body.
Your +4 mace of protection goes still.
You feel less resistant to cold. The lindwurm breathes flames at you.
The blast of flame hits you!!!
Ouch! That really hurt!
* * * LOW HITPOINT WARNING * * *
The lindwurm closely misses you. x2; The lindwurm claws you.
* * * LOW HITPOINT WARNING * * *
Kirke hits you! The Shining One protects you from harm!
The lindwurm bites you!!
You die...

#.. .... .. .#...
.# .. .... #.# #.
...##..###
.#+..#......
##...#....(.. ..
#.k†..#..h...
#...♣.hh♣...h..#
......@k†........
....#..♣†[#..?..
... ######..P....
> ....... ....$.#
[...... .......
#####P.


You could see Kirke, 2 lindwurms and a hog.

Vanquished Creatures
  Rupert (D:13)
  2 boulder beetles
  An ice dragon (IceCv)
  5 hydras
  Harold (D:9)
  3 two-headed ogres
  Erica (Lair:2)
  A centaur warrior (D:13)
  2 tengu warriors
  Urug (Lair:2)
  Sonja (Lair:1)
  A lindwurm (Lair:4)
  Pikel (D:5)
  An orc knight (D:13)
  An ugly thing (D:11)
  2 deep elf pyromancers (D:13)
  2 cyclopes
  2 ice statues (IceCv)
  2 black mambas (Lair:3)
  3 elephants (Lair:3)
  A torpor snail (Lair:3)
  3 gargoyles
  Maurice (D:8)
  6 cane toads
  An unseen horror (D:9)
  2 efreet (D:13)
  A yaktaur (shapeshifter) (D:13)
  6 rime drakes
  5 komodo dragons
  A polar bear (Lair:2)
  4 trolls
  6 slime creatures (D:12)
  5 blink frogs
  A wraith (D:11)
  2 shadows
  29 yaks
  5 basilisks
  2 wyverns (Lair:3)
  2 humans (D:13)
  A steam dragon (D:5)
  2 vampire mosquitoes (D:12)
  2 hogs (Lair:4)
  A warg (Orc:1)
  3 nagas (Lair:3)
  4 water moccasins
  3 acid dragons
  2 ogres
  6 orc warriors
  A black bear (D:6)
  An ice beast (D:7)
  4 sky beasts
  13 wolves
  4 centaurs
  A phantom (D:4)
  10 bullfrogs
  2 gnoll sergeants (D:10)
  4 scorpions
  10 wights
  4 lindwurm simulacra (IceCv)
  10 killer bees
  4 electric eels (D:8)
  3 komodo dragon simulacra (IceCv)
  A jelly (D:5)
  3 orc priests
  2 gnoll boudas
  9 hounds
  Terence (D:2)
  Natasha (D:2)
  An iguana (D:6)
  9 orc wizards
  5 acid dragon simulacra (IceCv)
  26 gnolls
  12 adders
  A white imp (D:6)
  2 ufetubi
  7 steam dragon simulacra (IceCv)
  2 dart slugs
  43 orcs
  6 bats
  4 endoplasms
  A giant cockroach (D:1)
  5 hobgoblins
  3 jackals (D:1)
  5 quokkas
  8 ball pythons
  4 frilled lizards (D:1)
  7 goblins
  8 kobolds
  5 rats
393 creatures vanquished.

Vanquished Creatures (collateral kills)
  A two-headed ogre (D:11)
  Amaemon (D:11)
  An orange demon (D:11)
  A rime drake (IceCv)
  A komodo dragon simulacrum (IceCv)
  A steam dragon simulacrum (IceCv)
6 creatures vanquished.

Vanquished Creatures (others)
  20 fungi
  31 plants
51 creatures vanquished.

Grand Total: 450 creatures vanquished

Notes
Turn   | Place    | Note
-------+----------+-------------------------------------------
     0 | D:1      | HotDog666 the Gargoyle Fighter began the quest for the Orb.
     0 | D:1      | Reached XP level 1. HP: 14/14 MP: 1/1
    43 | D:1      | Found a faded altar of an unknown god.
   120 | D:1      | Reached XP level 2. HP: 19/19 MP: 2/2
   448 | D:1      | Reached XP level 3. HP: 24/24 MP: 3/3
   800 | D:2      | Noticed Terence
   809 | D:2      | Killed Terence
   810 | D:2      | Reached XP level 4. HP: 29/29 MP: 4/4
   824 | D:2      | Noticed Natasha
   838 | D:2      | Killed Natasha
   906 | D:2      | Reached skill level 3 in Maces & Flails
   906 | D:2      | Reached skill level 1 in Invocations
   906 | D:2      | Reached XP level 5. HP: 33/33 MP: 5/5
  1026 | D:2      | Found Yzenk's Distillery.
  2015 | D:4      | Noticed a phantom
  2031 | D:4      | Found a shadowy altar of Dithmenos.
  2240 | D:4      | Reached XP level 6. HP: 15/39 MP: 5/7
  2257 | D:4      | Reached skill level 5 in Armour
  2257 | D:4      | Reached XP level 7. HP: 27/44 MP: 6/8
  2267 | D:4      | Reached skill level 4 in Maces & Flails
  2376 | D:4      | Gained mutation: You are strong-willed. (Will+) [potion of
                  | mutation]
  2376 | D:4      | Gained mutation: Your mind is acute. (Int +4, Str/Dex -1)
                  | [potion of mutation]
  2376 | D:4      | Gained mutation: You have a pair of small horns on your
                  | head. [potion of mutation]
  2554 | D:4      | Identified the +8 short sword of Distraction {vorpal, rF+
                  | Str+3}
  2776 | D:5      | Entered Level 5 of the Dungeon
  2776 | D:5      | Noticed a steam dragon
  2961 | D:4      | Reached skill level 5 in Fighting
  3178 | D:5      | Killed a steam dragon
  3179 | D:5      | Reached skill level 5 in Maces & Flails
  3179 | D:5      | Reached skill level 1 in Dodging
  3179 | D:5      | Reached XP level 8. HP: 42/50 MP: 8/10
  3314 | D:5      | Reached skill level 5 in Shields
  3426 | D:5      | Noticed Pikel
  3447 | D:5      | Killed Pikel
  3448 | D:5      | Reached skill level 6 in Maces & Flails
  3567 | D:5      | Found Sag Mockaps's General Store.
  3861 | D:6      | Found Romn's Gadget Gallery.
  4558 | D:6      | Reached XP level 9. HP: 51/56 MP: 11/11
  4633 | D:6      | Found Usmimy's Jewellery Shop.
  4771 | D:6      | You fall into a shaft and drop 2 floors!
  4866 | D:7      | Found a staircase to the Ecumenical Temple.
  4876 | Temple   | Entered the Ecumenical Temple
  5090 | Temple   | Became a worshipper of the Shining One
  5358 | D:7      | Found a shimmering altar of Xom.
  5395 | D:7      | Reached skill level 7 in Maces & Flails
  6072 | D:7      | Found a glowing silver altar of Zin.
  6275 | D:8      | Noticed Maurice
  6311 | D:8      | Killed Maurice
  6350 | D:8      | Noticed a troll
  6387 | D:7      | Reached XP level 10. HP: 63/63 MP: 13/13
  6440 | D:8      | Reached skill level 8 in Maces & Flails
  6596 | D:8      | Found a staircase to the Lair.
  7123 | D:9      | Reached * piety under the Shining One
  7211 | D:9      | Noticed Harold
  7227 | D:9      | Killed Harold
  7228 | D:9      | Reached skill level 5 in Invocations
  7286 | D:9      | Noticed an unseen horror
  7295 | D:9      | Killed an unseen horror
  7296 | D:9      | Reached skill level 9 in Maces & Flails
  7313 | D:9      | Found a sacrificial altar of Ru.
  7545 | D:9      | Identified the +0 scale mail of the Known World {rN+ Int+6}
  7658 | D:9      | Found a staircase to the Orcish Mines.
  7944 | D:10     | Entered Level 10 of the Dungeon
  8097 | D:10     | Noticed a two-headed ogre
  8111 | D:10     | Killed a two-headed ogre
  8112 | D:10     | Reached XP level 11. HP: 57/68 MP: 10/15
  8220 | D:10     | Reached skill level 10 in Maces & Flails
  8250 | D:10     | Reached ** piety under the Shining One
  8468 | D:10     | Found an iron altar of Okawaru.
  8884 | D:11     | Noticed a green ugly thing
  8894 | D:11     | Killed a green ugly thing
  8950 | D:11     | Found a runed translucent gate.
  8951 | D:11     | Found a runed translucent gate.
  8951 | D:11     | Found an opulent altar of Gozag.
  9058 | D:11     | Reached skill level 10 in Armour
  9065 | D:11     | Noticed Amaemon
  9189 | D:12     | Found Xible's Changing Room.
  9505 | D:12     | Noticed a six-headed hydra
  9521 | D:12     | Killed a six-headed hydra
  9767 | D:11     | Noticed a two-headed ogre
  9781 | D:11     | Killed Amaemon
  9782 | D:11     | Killed a two-headed ogre
  9848 | D:11     | Noticed a two-headed ogre
  9857 | D:11     | Killed a two-headed ogre
  9858 | D:11     | Reached skill level 11 in Maces & Flails
 10010 | D:11     | Noticed a cyclops
 10020 | D:11     | Killed a cyclops
 10078 | D:11     | Found a runed translucent gate.
 10126 | D:11     | Found Keenuwug's Assorted Antiques.
 10126 | D:11     | Noticed gruffalo's ghost (journeyman HOFi)
 10455 | D:12     | Reached XP level 12. HP: 41/76 MP: 17/17
 11182 | D:12     | Identified the +1 leather armour of the Serpent {rN+}
 11349 | D:13     | Noticed a tengu warrior
 11349 | D:13     | Noticed a tengu warrior
 11369 | D:12     | Killed a tengu warrior
 11549 | D:13     | Noticed a two-headed ogre
 11550 | D:13     | Found a frozen archway.
 11560 | D:13     | Killed a two-headed ogre
 11570 | D:13     | HP: 2/76 [gargoyle/+2 mace of protection (10)]
 11601 | IceCv    | Entered an ice cave
 11896 | IceCv    | Reached *** piety under the Shining One
 12533 | IceCv    | Noticed an ice dragon
 12554 | IceCv    | Killed an ice dragon
 12728 | IceCv    | Reached **** piety under the Shining One
 13348 | D:13     | Noticed a boulder beetle
 13380 | D:13     | Killed a tengu warrior
 13386 | D:13     | Reached skill level 12 in Maces & Flails
 13428 | D:13     | Killed a boulder beetle
 13429 | D:13     | Reached skill level 10 in Fighting
 13982 | D:14     | Noticed a centaur warrior
 14108 | D:13     | Killed a centaur warrior
 14229 | D:14     | Noticed an ogre mage
 14229 | D:14     | Noticed Rupert
 14619 | D:8      | Reached skill level 10 in Shields
 14628 | Lair:1   | Entered Level 1 of the Lair of Beasts
 14761 | Lair:1   | Reached XP level 13. HP: 66/82 MP: 18/18
 14866 | Lair:1   | Identified the +2 spear of the Sky {freeze, +Blink rElec
                  | Str+2 Int-5}
 14889 | Lair:1   | Noticed a minotaur
 14890 | Lair:1   | Noticed Cung's ghost (novice GrBe)
 15021 | Lair:1   | Found a runed translucent gate.
 15022 | Lair:1   | Found a runed translucent gate.
 15022 | Lair:1   | Found a runed translucent gate.
 15990 | Lair:2   | Noticed Urug
 16014 | Lair:2   | Noticed Sonja
 16313 | Lair:1   | Killed Sonja
 16555 | Lair:2   | Killed Urug
 16637 | Lair:2   | Noticed Erica
 16645 | Lair:2   | Killed Erica
 16894 | Lair:2   | You fall into a shaft and drop 1 floor!
 17033 | Lair:3   | Reached skill level 13 in Maces & Flails
 17056 | Lair:3   | Identified the +5 falchion of Urecir {elec, rElec rPois
                  | rCorr Str-4}
 17615 | Lair:3   | Found a staircase to the Swamp.
 17645 | Lair:3   | Found a staircase to the Snake Pit.
 17861 | Orc:1    | Entered Level 1 of the Orcish Mines
 17987 | Orc:1    | Noticed an orc warlord
 18160 | D:14     | Noticed Nessos
 18160 | D:14     | Found a gate to the Vaults.
 18256 | D:13     | Killed Rupert
 18257 | D:13     | Gained mutation: Your large and strong wings let you fly.
                  | [Gargoyle growth]
 18257 | D:13     | Reached XP level 14. HP: 42/88 MP: 20/20
 19216 | Lair:4   | Noticed Kirke
 19602 | Lair:4   | HP: 4/90 [lindwurm/blast of flame (45)]
 19603 | Lair:4   | The Shining One protects you from harm!
 19603 | Lair:4   | Demolished by a lindwurm

Illustrated notes

Levels and vault maps discovered:
D:1:      giann_bridges, layout_basic, shapermc_ecumenical_altar_mp_vishouse
D:2:      layout_rooms, serial_shops, nicolae_shop_statue_plus, minmay_domino_4,
          uniq_terence, uniq_natasha
D:3:      layout_loops_ring, nicolae_concentric_dashed_squares_mild
D:4:      layout_basic, nicolae_dithmenos_shadow_blocks
D:5:      layout_cave_pods, serial_shops, kennysheep_mini_moat, uniq_pikel
D:6:      layout_rooms, serial_shops, kennysheep_mini, minmay_misc_feat_tower,
          nicolae_shop_gadgets
D:7:      layout_basic, zin_scriptorium, xom_teletrap_fun,
          minmay_temple_entry_overgrown
D:8:      layout_loops_ring, erik_lair_island, uniq_maurice
D:9:      layout_loops_ring, nicolae_ru_awakened_eye,
          minmay_orc_entry_temple_small, uniq_harold
D:10:     layout_cave_pods, mainiacjoe_overflow_surrounded_room
D:11:     layout_cave_pools, ebering_ghost_gozag, uniq_amaemon
D:12:     layout_layer_cave, nicolae_transmutations_shop
D:13:     layout_roguey, portal_ice_cave_entry_pillars_1
D:14:     layout_rooms, david_vaults_3
Temple:   bh_familiar_temple
Lair:1:   layout_layer_cave, maelrawn_ghost_gauntlet_escape, grunt_megastairs_1
Lair:2:   layout_loops_ring, lemuel_fruit_tree, uniq_erica, uniq_sonja,
          uniq_urug
Lair:3:   layout_regular_city, swamp_mist, minmay_snake_entry_guardpost_small,
          serial_bayou_shore_a
Lair:4:   layout_misc_corridors, dreamdust_gnoll_shepherd, grunt_megastairs_2,
          uniq_kirke
Orc:1:    layout_diamond_mine

Skill      XL: |  1  2  3  4  5  6  7  8  9 10 11 12 13 14 |
---------------+-------------------------------------------+-----
Fighting       | 4 5 6 7 8 9 10 11 | 11.0
Armour         | 4 5 6 8 9 10 11 12 | 12.9
Shields        | 4 5 6 7 8 10 12 | 12.5
Maces & Flails | 3 5 6 7 9 11 12 13 | 13.5
Invocations    | 1 2 3 4 5 6 7 9 |  9.2
Dodging        | 1 2 |  2.8

Action                   |  1- 3 |  4- 6 |  7- 9 | 10-12 | 13-15 || total
-------------------------+-------+-------+-------+-------+-------++-------
Melee: Whip              |    96 |   115 |   250 |   544 |       ||  1005
       Headbutt          |       |       |    33 |   205 |   169 ||   407
       Mace              |       |       |       |    99 |   484 ||   583
Invok: Divine Shield     |       |       |       |     6 |     3 ||     9
       Cleansing Flame   |       |       |       |       |     5 ||     5
  Use: Scroll            |       |     2 |    10 |    12 |       ||    24
       Potion            |       |     2 |     3 |     3 |       ||     8
Armor: Scale mail        |    60 |    91 |    15 |       |       ||   166
       Chain mail        |       |       |    99 |   246 |   329 ||   674
Dodge: Dodged            |    41 |    92 |    92 |   229 |   210 ||   664
Block: Buckler           |    18 |    39 |    58 |   126 |       ||   241
       Tower shield      |       |       |       |   117 |   556 ||   673

Table legend: (Time is in decaauts)
 A = Elapsed time spent in this place.
 B = Non-inter-level travel time spent in this place.
 C = Inter-level travel time spent in this place.
 D = Time resting spent in this place.
 E = Time spent auto-exploring this place.
 F = Levels seen in this place.
 G = Mean time per level.
                   A        B        C        D        E       F      G
               +--------+--------+--------+--------+--------+-----+--------+
         Total |  19441 |  17774 |   1667 |   4069 |   9796 |  21 |  925.8 |
       Dungeon |  13757 |  12247 |   1510 |   2502 |   7041 |  14 |  982.6 |
        Temple |    222 |    187 |     35 |      0 |    176 |   1 |  222.0 |
          Lair |   4077 |   3956 |    121 |    775 |   2346 |   4 | 1019.2 |
  Orcish Mines |    180 |    180 |      0 |      0 |     72 |   1 |  180.0 |
      Ice Cave |   1202 |   1202 |      0 |    792 |    160 |   1 | 1202.0 |
               +--------+--------+--------+--------+--------+-----+--------+

Top non-repeatable levels by time:
    D:13: 2144 daAuts
    D:12: 1920 daAuts
  Lair:1: 1832 daAuts
     D:5: 1433 daAuts
  Lair:2: 1222 daAuts
   IceCv: 1202 daAuts
     D:7: 1067 daAuts
     D:3: 1047 daAuts
  Lair:3: 1002 daAuts
     D:8: 975 daAuts
    D:10: 937 daAuts
     D:9: 925 daAuts
    D:11: 799 daAuts
     D:4: 764 daAuts
     D:1: 696 daAuts
